 Dungeon Crawl Stone Soup version 0.29-a0-666-g26d293caef (webtiles) character file.

Game seed: 6468035719369041709

238 Fascinator the Caller (level 6, -9/32 HPs)
             Began as a Tengu Summoner on June 23, 2022.
             Killed from afar by Ijyb (27 damage)
             ... with a bolt of dispelling energy
             ... on level 4 of the Dungeon.
             The game lasted 00:14:46 (2979 turns).

Fascinator the Caller (Tengu Summoner)              Turns: 2979, Time: 00:14:47

Health: -9/32      AC:  3    Str:  8    XL:     6   Next: 7%
Magic:  9/13       EV: 15    Int: 17    God:
Gold:   239        SH:  0    Dex: 15    Spells: 7/13 levels left

rFire   . . .      SeeInvis .   c - +0 short sword
rCold   . . .      Faith    .   (no shield)
rNeg    . . .      Spirit   .   a - +0 robe
rPois   .          Reflect  .   (helmet restricted)
rElec   .          Harm     .   (no cloak)
rCorr   .          Rampage  .   q - +0 pair of gloves
Will    .....                   (boots unavailable)
Stlth   ++........              (no amulet)
HPRegen 0.10/turn               (no ring)
MPRegen 0.13/turn               (no ring)

@: flying quickly and evasively, quick
A: beak, talons 3, nimble flight
a: no special abilities


You were on level 4 of the Dungeon.
You visited 1 branch of the dungeon, and saw 4 of its levels.

You collected 239 gold pieces.

Inventory:

Hand Weapons
 c - a +0 short sword (weapon)
Missiles
 e - 6 curare-tipped darts
 g - 2 poisoned darts
Armour
 a - a +0 robe (worn)
 q - a +0 pair of gloves (worn)
Jewellery
 w - an amulet of magic regeneration
Wands
 o - a wand of flame (14)
Scrolls
 d - 2 scrolls of fog {unknown}
 h - 4 scrolls of identify {unknown}
 k - a scroll of acquirement {unknown}
 l - a scroll of magic mapping {unknown}
 m - a scroll of teleportation {unknown}
 n - a scroll of brand weapon {unknown}
 s - a scroll of enchant weapon {unknown}
 t - a scroll of vulnerability {unknown}
 u - 3 scrolls of enchant armour {unknown}
Potions
 b - 3 potions of magic
 f - 2 potions of curing {unknown}
 i - a potion of resistance {unknown}
 j - a potion of ambrosia {unknown}
 p - a potion of might {unknown}
 r - 2 potions of flight {unknown}
 v - a potion of attraction {unknown}


   Skills:
 - Level 0.1 Short Blades
 + Level 2.8 Dodging
 + Level 2.8 Stealth
 * Level 4.0 Spellcasting
 + Level 6.2 Summonings
 * Level 1.0 Necromancy


You had 7 spell levels left.
You knew the following spells:

 Your Spells              Type           Power      Damage    Failure   Level
a - Summon Small Mammal   Summ           96%        N/A       1%          1
b - Call Imp              Summ           24%        N/A       1%          2
c - Call Canine Familiar  Summ           24%        N/A       3%          3

Your spell library contained the following spells:

 Spells                   Type           Power      Damage    Failure   Level
 Summon Guardian Golem    Hex/Summ       14%        N/A       13%         3
 Slow                     Hex            12%        N/A       16%         1
 Vampiric Draining        Necr           7%         2d6       30%         3
 Summon Lightning Spire   Summ/Air       14%        N/A       41%         4
 Confusing Touch          Hex            3%         N/A       43%         3
 Gell's Gravitas          Tloc           3%         N/A       43%         3
 Teleport Other           Tloc           3%         N/A       43%         3
 Dispersal                Tloc           1%         N/A       100%        6


Dungeon Overview and Level Annotations

Branches:
Dungeon (4/15)
 Temple: D:4-7

Altars:
Ashenzari
Nemelex Xobeh
The Shining One

Shops:
D:1 (

Annotations:
D:4 Ijyb


Innate Abilities, Weirdness & Mutations

You have a beak for a mouth.
You have claws for feet.
Your magical nature lets you fly swiftly and evasively.


Message History

Items here: )))) [ †††.
w - an amulet of magic regeneration A kobold comes into view.
It is wielding a +0 whip.
The kobold moves out of view.
Done exploring.
Done exploring.
A kobold is nearby!
You closely miss the kobold.
The kobold shouts!
Your kick misses the kobold. Your peck misses the kobold.
The kobold completely misses you.
You hit the kobold. You claw the kobold.
You kill the kobold!
No target in view!
There is a stone staircase leading down here.
You fly downwards.
You hear the sound of rushing water.
There is an entrance to a sewer on this level.
Hurry and find it before the portal rusts away!
There is a stone staircase leading up here.
Found 2 white potions.
Ijyb the Twisted Goblin comes into view.
She is wielding a +0 club and carrying a wand of quicksilver (10).
Found a dagger.
Ijyb shouts!
Ijyb screams, "Me very upset!"
You completely miss Ijyb. Your peck misses Ijyb.
Ijyb zaps a wand.
The bolt of dispelling energy hits you!
Casting: Call Canine Familiar (dangerous; 3% risk of failure)
Confirm with . or Enter, or press ? or * to list all spells.
A kobold comes into view. It is wielding a +0 short sword.
Ijyb misses you. Ijyb hits your hound with a +0 club.
Casting: Call Canine Familiar (dangerous; 3% risk of failure)
Confirm with . or Enter, or press ? or * to list all spells.
Your hound bites Ijyb.
Ijyb zaps a wand.
The bolt of dispelling energy hits your hound!
Your hound dies!
Your hound's corpse disappears in a puff of smoke!
The bolt of dispelling energy hits you!!
Ouch! That really hurt!
You die...

......!.... #........
#.......##########
#......≈##..<.....
#.....≈≈..........
#....≈≈.≈..#####..
#....≈..≈.........
##.####...≈≈.#≈≈≈##.#..
.....r.@..≈...........
##.####§..≈..≈.##.### #
.......g....≈≈.....
##.###......#≈≈#.###
...≈......≈#.#
..≈≈≈###.#... .......
....) ..K#...#. ##
....#....


You could see Ijyb (ally target), a kobold and a friendly quokka (summoned).

Vanquished Creatures
  A hound (D:3)
  Natasha (D:2)
  An adder (D:2)
  2 worms (D:2)
  2 dart slugs
  4 endoplasms
  A giant cockroach (D:2)
  4 goblins
  4 hobgoblins
  4 kobolds
  A quokka (D:1)
  4 ball pythons
  A bat (D:1)
  3 frilled lizards (D:1)
  6 rats
39 creatures vanquished.

Vanquished Creatures (collateral kills)
  Natasha (twice) (D:2)
  An orc wizard (D:3)
  2 adders
  A dart slug (D:2)
  4 orcs (D:3)
  A ball python (D:1)
  3 bats
  3 endoplasms (D:2)
  2 giant cockroaches
  3 goblins
  A hobgoblin (D:2)
  3 kobolds
  A frilled lizard (D:2)
  A rat (D:1)
28 creatures vanquished.

Vanquished Creatures (others)
  4 toadstools (D:1)
4 creatures vanquished.

Grand Total: 71 creatures vanquished

Notes
Turn   | Place    | Note
-------+----------+-------------------------------------------
     0 | D:1      | Fascinator the Tengu Summoner began the quest for the Orb.
     0 | D:1      | Reached XP level 1. HP: 10/10 MP: 4/4
   174 | D:1      | Found Ahinisil's Weapon Emporium.
   291 | D:1      | Reached XP level 2. HP: 13/15 MP: 6/6
   451 | D:1      | Reached skill level 5 in Summonings
   462 | D:1      | Learned a level 2 spell: Call Imp
  1086 | D:1      | Reached XP level 3. HP: 19/19 MP: 7/7
  1202 | D:1      | Learned a level 3 spell: Call Canine Familiar
  1353 | D:2      | Found a sparkling altar of Nemelex Xobeh.
  1656 | D:2      | Noticed Natasha
  1665 | D:2      | Killed Natasha
  1666 | D:2      | Reached XP level 4. HP: 24/24 MP: 1/9
  1804 | D:2      | Noticed Natasha
  1811 | D:2      | Killed Natasha
  1939 | D:2      | Noticed Natasha
  1956 | D:2      | Killed Natasha
  1957 | D:2      | Gained mutation: Your magical nature lets you fly swiftly
                  | and evasively. [Tengu growth]
  1957 | D:2      | Reached XP level 5. HP: 20/28 MP: 3/11
  2118 | D:2      | Found a faded altar of an unknown god.
  2126 | D:2      | Reached skill level 6 in Summonings
  2672 | D:3      | Reached XP level 6. HP: 32/32 MP: 3/12
  2674 | D:3      | Reached skill level 1 in Necromancy
  2755 | D:3      | Found a broken altar of Ashenzari.
  2831 | D:3      | Found a glowing golden altar of the Shining One.
  2971 | D:4      | Noticed Ijyb
  2979 | D:4      | Killed from afar by Ijyb

Illustrated notes

Levels and vault maps discovered:
D:1:      ldierk_water_garden, layout_loops_corners, serial_shops,
          nicolae_shop_statue_plus, minivault_19,
          wander_ebering_terrifying_dragon_lair
D:2:      layout_rooms, basic_altar, shapermc_ecumenical_altar_mp_highgroup,
          grunt_ministairs_10, st_stairs_11, lemuel_another_geyser, uniq_natasha
D:3:      layout_rooms, ashenzari_altar_1, general_overflow_altar
D:4:      layout_basic, serial_rivers, chequers_serial_rivers_micro_b,
          chequers_serial_rivers_micro_e, chequers_serial_rivers_small_3,
          chequers_serial_rivers_small_a, chequers_serial_rivers_small_b,
          chequers_serial_rivers_micro_b, cheibrodos_sewer_entry_bend,
          st_stairs_10, uniq_ijyb

Skill      XL: |  1  2  3  4  5  6 |
---------------+-------------------+-----
Summonings     | 5 6 |  6.2
Spellcasting   | 3 4 |  4.0
Necromancy     | 1 |  1.0
Short Blades   | |  0.1
Dodging        | |  2.8
Stealth        | |  2.8

Action                   |  1- 3 |  4- 6 || total
-------------------------+-------+-------++-------
Melee: Quarterstaff      |    46 |     7 ||    53
       Kick              |    11 |    10 ||    21
       Peck              |     5 |     6 ||    11
       Short sword       |       |    41 ||    41
 Cast: Summon Small Mamm |    11 |     8 ||    19
       Call Imp          |     4 |     3 ||     7
       Call Canine Famil |     5 |    10 ||    15
 Stab: Sleeping          |     6 |     3 ||     9
Armor: Robe              |    10 |     7 ||    17
Dodge: Dodged            |    39 |    41 ||    80

Table legend: (Time is in decaauts)
 A = Elapsed time spent in this place.
 B = Non-inter-level travel time spent in this place.
 C = Inter-level travel time spent in this place.
 D = Time resting spent in this place.
 E = Time spent auto-exploring this place.
 F = Levels seen in this place.
 G = Mean time per level.
                   A        B        C        D        E       F      G
               +--------+--------+--------+--------+--------+-----+--------+
         Total |   2946 |   2863 |     83 |    621 |   1711 |   4 |  736.5 |
       Dungeon |   2946 |   2863 |     83 |    621 |   1711 |   4 |  736.5 |
               +--------+--------+--------+--------+--------+-----+--------+

Top non-repeatable levels by time:
     D:1: 1361 daAuts
     D:2: 1081 daAuts
     D:3: 491 daAuts
     D:4: 12 daAuts
